Canadiens vs Oilers
Created - 18 mars 2014 at 20:44
Goals
|
| Canadiens |
0 |
1 |
0 |
1 |
| Oilers |
2 |
1 |
2 |
5 |
|
Shots
|
| Canadiens |
14 |
5 |
6 |
25 |
| Oilers |
10 |
10 |
8 |
28 |
|
1st period
1. Oilers , Steve Begin 10 (Ian White, Joe Pavelski) at 0:16
2. Oilers , Steve Begin 11 (Pavel Datsyuk, Duncan Keith) at 16:06
Penalties :
No Penalty
2nd period
3. Oilers , Eric Nystrom 7 (Erik Rasmussen, Steve Montador) at 7:55
4. Canadiens , Nicklas Lidstrom 7 (Marek Svatos) at 9:37 (PP)
Penalties :
Patrick Marleau (Mon) for Tripping (Minor) at 2:16, Éric Desjardins (Mon) for Holding Stick (Minor) at 5:40, Joe Pavelski (Edm) for High sticking (Minor) at 9:07, Tomas Plekanec (Mon) for Hooking (Minor) at 11:23, Tomas Plekanec (Mon) for Hooking (Minor) at 17:53
3rd period
5. Oilers , Pavel Datsyuk 45 (Joe Pavelski) at 0:13
6. Oilers , Joe Pavelski 24 (Pavel Datsyuk, Patrick Kaleta) at 3:53
Penalties :
Ilya Kovalchuk (Edm) for Fighting (Major) at 4:46, Marek Svatos (Mon) for Fighting (Major) at 4:46, Steve Montador (Edm) for Interference (Minor) at 8:41, Steve Begin (Edm) for Holding (Minor) at 9:23, Chris Dingman (Mon) for Hooking (Minor) at 14:53, Brad Boyes (Edm) for Hooking (Minor) at 17:47
Goalie Stats
Mikael Tellqvist (Mon), 23 saves from 28 shots - (0,821), L, 12-6-1, 60:00 minutes
Cam Ward (Edm), 24 saves from 25 shots - (0,960), W, 30-20-5, 60:00 minutes
Players Stats for Canadiens
Player Name G A P +/- PIM S H SB GA TA FO MP PP MP PK MP
------------------------------------------------------------------------------------
Chris Dingman 0 0 0 -1 2 2 2 0 0 0 0/0 10:09 0:00 1:55
Dennis Wideman 0 0 0 -1 0 2 0 1 0 0 0/0 22:51 3:28 3:20
Éric Desjardins 0 0 0 -2 2 1 2 0 1 0 0/0 19:05 1:42 4:50
Jamie Lundmark 0 0 0 -1 0 2 2 0 0 0 1/4 11:22 0:00 3:17
Jeff Woywitka 0 0 0 -2 0 2 1 0 0 1 0/0 22:50 1:42 3:27
Marek Svatos 0 1 1 -4 5 3 0 0 1 1 1/2 15:09 2:00 0:00
Matt Carle 0 0 0 -2 0 0 0 0 0 0 0/0 13:10 0:00 1:28
Michel Ouellet 0 0 0 0 0 1 0 0 0 0 0/0 13:19 0:00 2:49
Mike Ribeiro 0 0 0 0 0 0 1 1 1 0 5/10 16:27 3:07 2:53
Mike York 0 0 0 0 0 1 2 0 1 0 0/1 14:21 2:03 0:29
Nicklas Lidstrom 1 0 1 -2 0 2 2 1 2 1 0/0 25:14 3:28 0:52
Ossi Vaananen 0 0 0 -1 0 1 0 0 0 2 0/0 16:50 0:00 5:53
Patrick Marleau 0 0 0 -4 2 0 2 1 3 0 2/3 22:19 3:07 4:03
Radim Vrbata 0 0 0 0 0 3 1 0 1 0 0/1 15:26 3:07 0:00
Ruslan Fedotenko 0 0 0 0 0 1 0 0 0 0 0/0 10:23 0:00 0:00
Ryan Callahan 0 0 0 -1 0 2 0 0 0 0 0/0 8:05 0:00 0:00
Tomas Plekanec 0 0 0 -4 4 1 0 0 0 0 7/22 14:51 0:03 0:00
Viktor Kozlov 0 0 0 0 0 1 1 0 0 0 5/9 18:08 2:03 4:24
Players Stats for Oilers
Player Name G A P +/- PIM S H SB GA TA FO MP PP MP PK MP
------------------------------------------------------------------------------------
Brad Boyes 0 0 0 0 2 1 2 0 0 0 0/1 19:03 4:18 0:00
David Moss 0 0 0 1 0 0 0 0 0 1 0/0 7:52 1:01 0:00
Duncan Keith 0 1 1 1 0 2 1 0 0 2 0/0 24:06 4:54 2:38
Eric Nystrom 1 0 1 1 0 1 1 0 0 0 0/0 8:01 0:17 0:21
Erik Rasmussen 0 1 1 1 0 0 0 0 0 0 3/7 9:04 0:20 1:45
Frantisek Kaberle 0 0 0 0 0 1 0 1 0 0 0/0 11:28 0:36 0:00
Ian White 0 1 1 4 0 1 1 0 1 1 0/0 25:35 4:25 2:32
Ilya Kovalchuk 0 0 0 0 5 5 2 1 2 0 0/0 18:02 4:18 0:33
Jason Arnott 0 0 0 0 0 0 1 1 0 0 0/3 11:48 0:49 2:02
Joe Pavelski 1 2 3 4 2 1 4 1 0 1 1/2 18:57 4:22 0:00
Jonathan Toews 0 0 0 0 0 1 1 0 0 0 11/14 18:51 4:21 0:00
Karel Pilar 0 0 0 0 0 0 0 0 0 1 0/0 16:47 4:54 1:08
Markus Naslund 0 0 0 0 0 7 2 0 1 0 0/0 15:46 4:42 1:45
Patrick Kaleta 0 1 1 0 0 0 2 0 0 0 0/0 9:36 0:52 0:00
Pavel Datsyuk 1 2 3 4 0 2 1 0 1 0 16/24 20:13 4:25 0:52
Rob Scuderi 0 0 0 1 0 3 3 0 0 2 0/0 18:46 0:36 2:38
Steve Begin 2 0 2 4 2 3 3 0 0 1 0/1 16:11 0:00 1:39
Steve Montador 0 1 1 4 2 0 3 1 0 1 0/0 23:23 4:25 1:30
3 Stars
1 - Joe Pavelski (Edm)
2 - Pavel Datsyuk (Edm)
3 - Steve Begin (Edm)
Power Play
Canadiens - 1 on 4 Attempt(s) - 25,00%
Oilers - 0 on 5 Attempt(s) - 0,00%
Penalty Kill
Canadiens - 5 on 5 Attempt(s) - 100,00%
- Score 0 goal in Penalty Kill
Oilers - 3 on 4 Attempt(s) - 75,00%
- Score 0 goal in Penalty Kill
Official
Referees : O'Rourke Dan and Ciamaga Chris
Linesman : Jonny Murray and David Brisebois
Game Notes
0:16 of 1st period - Oilers goal is going for a video replay. After video review, Goal.
Marek Svatos beats up Ilya Kovalchuk at 4:46 of 3rd period
Finance
Level 1 -- Attendance: 5390 (89,83%) -- Ticket Income 468 930 $
Level 2 -- Attendance: 4617 (92,34%) -- Ticket Income 240 084 $
Level 3 -- Attendance: 1540 (77,00%) -- Ticket Income 49 280 $
Level 4 -- Attendance: 3020 (75,50%) -- Ticket Income 60 400 $
Luxury Box -- Attendance: 723 (72,30%) -- Ticket Income 123 633 $
Game was played at the Rexall Place
Total Attendance: 15290 (84,94%)
Total Ticket Income: 942 327 $
Other Income: 141 349 $
Total Income: 1 083 676 $
Canadiens
5 vs 5 Forward
Center Left Wing Right Wing Time % Phy DF OF
1 Tomas Plekanec Patrick Marleau Marek Svatos 40 0 1 4
2 Viktor Kozlov Mike York Radim Vrbata 30 2 1 2
3 Mike Ribeiro Ruslan Fedotenko Michel Ouellet 20 0 2 3
4 Jamie Lundmark Chris Dingman Ryan Callahan 10 1 3 1
5 vs 5 Defense
Defense Defense Time % Phy DF OF
1 Nicklas Lidstrom Jeff Woywitka 40 1 3 1
2 Éric Desjardins Dennis Wideman 30 1 4 0
3 Matt Carle Ossi Vaananen 20 0 3 2
4 Nicklas Lidstrom Dennis Wideman 10 0 2 3
PowerPlay Forward
Center Left Wing Right Wing Time % Phy DF OF
1 Mike Ribeiro Patrick Marleau Radim Vrbata 60 0 0 5
2 Viktor Kozlov Mike York Marek Svatos 40 2 0 3
PowerPlay Defense
Defense Defense Time % Phy DF OF
1 Nicklas Lidstrom Dennis Wideman 60 0 1 4
2 Jeff Woywitka Éric Desjardins 40 0 2 3
Penalty Kill 4 Players Forward
Center Wing Time % Phy DF OF
1 Viktor Kozlov Patrick Marleau 60 1 3 1
2 Jamie Lundmark Michel Ouellet 40 1 4 0
Penalty Kill 4 Players Defense
Defense Defense Time % Phy DF OF
1 Éric Desjardins Ossi Vaananen 60 0 5 0
2 Dennis Wideman Jeff Woywitka 40 1 4 0
Penalty Kill - 3 Players Forward
Forward Time % Phy DF OF
1 Jamie Lundmark 60 1 2 2
2 Viktor Kozlov 40 1 4 0
Penalty Kill - 3 Players Defense
Defense Defense Time % Phy DF OF
1 Éric Desjardins Ossi Vaananen 60 0 5 0
2 Dennis Wideman Jeff Woywitka 40 1 4 0
4 vs 4 Forward
Center Wing Time % Phy DF OF
1 Tomas Plekanec Patrick Marleau 60 1 1 3
2 Viktor Kozlov Mike York 40 2 1 2
4 vs 4 Defense
Defense Defense Time % Phy DF OF
1 Jeff Woywitka Dennis Wideman 60 1 4 0
2 Nicklas Lidstrom Jeff Woywitka 40 2 3 0
Last Minutes Offensive
Center Left Wing Right Wing Defense Defense
Tomas Plekanec Patrick Marleau Marek Svatos Nicklas Lidstrom Dennis Wideman
Last Minutes Defensive
Center Left Wing Right Wing Defense Defense
Viktor Kozlov Patrick Marleau Marek Svatos Nicklas Lidstrom Jeff Woywitka
Goaltenders
Starting : Mikael Tellqvist
Backup : Rick DiPietro
Extra Forwards
Normal : Radim Vrbata, Mike Ribeiro, Mike York - PP : Tomas Plekanec, Ryan Callahan - PK : Mike Ribeiro
Extra Defensemen
Normal : Éric Desjardins, Ossi Vaananen, Matt Carle - PP : Matt Carle - PK : Nicklas Lidstrom, Matt Carle
Penalty Shots
Patrick Marleau, Radim Vrbata, Mike Ribeiro, Marek Svatos, Viktor Kozlov
Oilers
5 vs 5 Forward
Center Left Wing Right Wing Time % Phy DF OF
1 Pavel Datsyuk Steve Begin Joe Pavelski 38 1 2 2
2 Jonathan Toews Ilya Kovalchuk Brad Boyes 37 1 2 2
3 Jason Arnott Markus Naslund Patrick Kaleta 20 1 2 2
4 Erik Rasmussen Eric Nystrom David Moss 5 1 3 1
5 vs 5 Defense
Defense Defense Time % Phy DF OF
1 Ian White Steve Montador 37 1 2 2
2 Duncan Keith Rob Scuderi 35 1 2 2
3 Karel Pilar Frantisek Kaberle 20 1 2 2
4 Duncan Keith Ian White 8 0 2 3
PowerPlay Forward
Center Left Wing Right Wing Time % Phy DF OF
1 Pavel Datsyuk Markus Naslund Joe Pavelski 50 1 1 3
2 Jonathan Toews Ilya Kovalchuk Brad Boyes 50 1 1 3
PowerPlay Defense
Defense Defense Time % Phy DF OF
1 Ian White Steve Montador 50 1 2 2
2 Duncan Keith Karel Pilar 50 1 2 2
Penalty Kill 4 Players Forward
Center Wing Time % Phy DF OF
1 Jason Arnott Steve Begin 50 1 3 1
2 Erik Rasmussen Markus Naslund 50 1 3 1
Penalty Kill 4 Players Defense
Defense Defense Time % Phy DF OF
1 Duncan Keith Rob Scuderi 50 1 3 1
2 Ian White Steve Montador 50 1 3 1
Penalty Kill - 3 Players Forward
Forward Time % Phy DF OF
1 Pavel Datsyuk 50 1 4 0
2 Ilya Kovalchuk 50 1 4 0
Penalty Kill - 3 Players Defense
Defense Defense Time % Phy DF OF
1 Duncan Keith Rob Scuderi 50 1 4 0
2 Ian White Steve Montador 50 1 4 0
4 vs 4 Forward
Center Wing Time % Phy DF OF
1 Pavel Datsyuk Joe Pavelski 50 1 2 2
2 Jonathan Toews Ilya Kovalchuk 50 1 2 2
4 vs 4 Defense
Defense Defense Time % Phy DF OF
1 Ian White Steve Montador 50 1 3 1
2 Duncan Keith Rob Scuderi 50 1 3 1
Last Minutes Offensive
Center Left Wing Right Wing Defense Defense
Pavel Datsyuk Ilya Kovalchuk Joe Pavelski Duncan Keith Ian White
Last Minutes Defensive
Center Left Wing Right Wing Defense Defense
Pavel Datsyuk Markus Naslund Joe Pavelski Duncan Keith Ian White
Goaltenders
Starting : Cam Ward
Backup : Scott Clemmensen
Extra Forwards
Normal : Markus Naslund, Pavel Datsyuk, Ilya Kovalchuk - PP : Patrick Kaleta, Jason Arnott - PK : Pavel Datsyuk
Extra Defensemen
Normal : Duncan Keith, Ian White, Steve Montador - PP : Rob Scuderi - PK : Karel Pilar, Frantisek Kaberle
Penalty Shots
Ilya Kovalchuk, Markus Naslund, Pavel Datsyuk, Brad Boyes, Joe Pavelski
% Time on Ice - Canadiens
Lines # - Real PCT - Wanted PCT - Time Play
Normal Forward
1 - 34% - 40% - 15:10
2 - 25% - 30% - 11:17
3 - 23% - 20% - 10:23
4 - 18% - 10% - 8:05
Normal Defense
1 - 37% - 40% - 16:41
2 - 28% - 30% - 12:43
3 - 25% - 20% - 11:19
4 - 9% - 10% - 4:12
PP Forward
1 - 60% - 60% - 3:07
2 - 40% - 40% - 2:03
PP Defense
1 - 67% - 60% - 3:28
2 - 33% - 40% - 1:42
PK Forward
1 - 72% - 60% - 7:06
2 - 28% - 40% - 2:49
PK Defense
1 - 63% - 60% - 6:16
2 - 37% - 40% - 3:39
PK3 Forward
1 - 0% - 60%
2 - 0% - 40%
PK3 Defense
1 - 0% - 60%
2 - 0% - 40%
44 Forward
1 - 0% - 60%
2 - 0% - 40%
44 Defense
1 - 0% - 60%
2 - 0% - 40%
Last Minute Offensive - 0:00
Last Minute Defensive - 0:00
Total
Forward - 60:00
Defense - 60:00
|
% Time on Ice - Oilers
Lines # - Real PCT - Wanted PCT - Time Play
Normal Forward
1 - 33% - 38% - 14:51
2 - 32% - 37% - 14:30
3 - 19% - 20% - 8:39
4 - 15% - 5% - 6:55
Normal Defense
1 - 39% - 37% - 17:36
2 - 35% - 35% - 15:42
3 - 23% - 20% - 10:28
4 - 3% - 8% - 1:09
PP Forward
1 - 50% - 50% - 4:56
2 - 50% - 50% - 4:59
PP Defense
1 - 51% - 50% - 5:01
2 - 49% - 50% - 4:54
PK Forward
1 - 55% - 50% - 2:08
2 - 45% - 50% - 1:45
PK Defense
1 - 54% - 50% - 2:05
2 - 46% - 50% - 1:48
PK3 Forward
1 - 32% - 50% - 0:25
2 - 68% - 50% - 0:52
PK3 Defense
1 - 43% - 50% - 0:33
2 - 57% - 50% - 0:44
44 Forward
1 - 0% - 50%
2 - 0% - 50%
44 Defense
1 - 0% - 50%
2 - 0% - 50%
Last Minute Offensive - 0:00
Last Minute Defensive - 0:00
Total
Forward - 60:00
Defense - 60:00
|
Play by Play
1st period
0:01 of 1st period - Pavel Datsyuk wins face-off versus Tomas Plekanec in neutral zone.
0:10 of 1st period - Snap shot by Pavel Datsyuk.
0:10 of 1st period - Shot Misses the Net.
0:12 of 1st period - Snap shot by Ian White.
0:12 of 1st period - Shot Misses the Net.
0:14 of 1st period - Wrist shot by Joe Pavelski.
0:14 of 1st period - Shot Misses the Net.
0:16 of 1st period - Slapshot by Ian White.
0:16 of 1st period - Deflect By Steve Begin.
0:16 of 1st period - Oilers goal is going for a video replay.
0:16 of 1st period - The goal is good.
0:16 of 1st period - Goal by Steve Begin - Canadiens : 0 - Oilers : 1.
0:17 of 1st period - Jonathan Toews wins face-off versus Viktor Kozlov in neutral zone.
0:32 of 1st period - Slapshot by Brad Boyes.
0:32 of 1st period - Shot Misses the Net.
0:42 of 1st period - Dennis Wideman is hit by Patrick Kaleta and loses puck.
0:47 of 1st period - Snap shot by Markus Naslund.
0:47 of 1st period - Stopped by Mikael Tellqvist without a rebound.
0:48 of 1st period - Erik Rasmussen wins face-off versus Jamie Lundmark in Canadiens zone.
2:01 of 1st period - Snap shot by Markus Naslund.
2:01 of 1st period - Stopped by Mikael Tellqvist without a rebound.
2:02 of 1st period - Tomas Plekanec wins face-off versus Jonathan Toews in Canadiens zone.
2:28 of 1st period - Joe Pavelski is hit by Nicklas Lidstrom and loses puck.
3:11 of 1st period - Ryan Callahan is hit by Jonathan Toews and loses puck.
3:20 of 1st period - Karel Pilar is hit by Chris Dingman.
4:02 of 1st period - Wrist shot by Steve Begin.
4:02 of 1st period - Stopped by Mikael Tellqvist with a rebound.
4:12 of 1st period - Wrist shot by Tomas Plekanec.
4:12 of 1st period - Deflect By Marek Svatos.
4:12 of 1st period - Stopped by Cam Ward with a rebound.
4:20 of 1st period - Wrist shot by Marek Svatos.
4:20 of 1st period - Shot Misses the Net.
4:36 of 1st period - Snap shot by Mike York.
4:36 of 1st period - Stopped by Cam Ward without a rebound.
4:37 of 1st period - Viktor Kozlov wins face-off versus Pavel Datsyuk in Oilers zone.
4:38 of 1st period - Wrist shot by Mike York.
4:38 of 1st period - Shot Misses the Net.
5:15 of 1st period - Wrist shot by Mike Ribeiro.
5:15 of 1st period - Shot Blocked by Frantisek Kaberle.
5:27 of 1st period - Wrist shot by Ryan Callahan.
5:27 of 1st period - Shot Misses the Net.
5:47 of 1st period - Rob Scuderi is hit by Éric Desjardins and loses puck.
5:54 of 1st period - Tomas Plekanec is hit by Eric Nystrom and loses puck.
6:07 of 1st period - Dennis Wideman is hit by Steve Montador and loses puck.
6:16 of 1st period - Viktor Kozlov is hit by Pavel Datsyuk and loses puck.
6:55 of 1st period - Slapshot by Radim Vrbata.
6:55 of 1st period - Stopped by Cam Ward with a rebound.
6:57 of 1st period - Snap shot by Dennis Wideman.
6:57 of 1st period - Stopped by Cam Ward without a rebound.
6:58 of 1st period - Pavel Datsyuk wins face-off versus Tomas Plekanec in Oilers zone.
7:43 of 1st period - Snap shot by Mike Ribeiro.
7:43 of 1st period - Deflect By Jamie Lundmark.
7:43 of 1st period - Stopped by Cam Ward with a rebound.
7:45 of 1st period - Slapshot by Jeff Woywitka.
7:45 of 1st period - Shot Blocked by Jason Arnott.
7:47 of 1st period - Slapshot by Jamie Lundmark.
7:47 of 1st period - Stopped by Cam Ward with a rebound.
7:49 of 1st period - Slapshot by Jeff Woywitka.
7:49 of 1st period - Shot Misses the Net.
7:51 of 1st period - Slapshot by Chris Dingman.
7:51 of 1st period - Stopped by Cam Ward with a rebound.
7:53 of 1st period - Slapshot by Jeff Woywitka.
7:53 of 1st period - Stopped by Cam Ward without a rebound.
7:54 of 1st period - Marek Svatos wins face-off versus Pavel Datsyuk in Oilers zone.
8:03 of 1st period - Snap shot by Marek Svatos.
8:03 of 1st period - Stopped by Cam Ward without a rebound.
8:04 of 1st period - Pavel Datsyuk wins face-off versus Tomas Plekanec in Oilers zone.
8:13 of 1st period - Wrist shot by Tomas Plekanec.
8:13 of 1st period - Stopped by Cam Ward with a rebound.
8:15 of 1st period - Slapshot by Marek Svatos.
8:15 of 1st period - Shot Blocked by Joe Pavelski.
8:17 of 1st period - Slapshot by Ossi Vaananen.
8:17 of 1st period - Deflect By Pavel Datsyuk.
8:17 of 1st period - Stopped by Cam Ward without a rebound.
8:18 of 1st period - Tomas Plekanec wins face-off versus Jonathan Toews in Oilers zone.
9:05 of 1st period - Snap shot by Mike York.
9:05 of 1st period - Shot Misses the Net.
9:07 of 1st period - Slapshot by Jeff Woywitka.
9:07 of 1st period - Deflect By Radim Vrbata.
9:07 of 1st period - Stopped by Cam Ward with a rebound.
9:09 of 1st period - Wrist shot by Viktor Kozlov.
9:09 of 1st period - Shot Misses the Net.
10:07 of 1st period - Ruslan Fedotenko is hit by Joe Pavelski and loses puck.
10:19 of 1st period - Mike Ribeiro is hit by Joe Pavelski and loses puck.
10:32 of 1st period - Matt Carle is hit by Jason Arnott.
11:37 of 1st period - Off-side.
11:38 of 1st period - Pavel Datsyuk wins face-off versus Mike Ribeiro in neutral zone.
12:12 of 1st period - Wrist shot by Marek Svatos.
12:12 of 1st period - Stopped by Cam Ward without a rebound.
12:13 of 1st period - Jonathan Toews wins face-off versus Viktor Kozlov in Oilers zone.
12:21 of 1st period - Snap shot by Ilya Kovalchuk.
12:21 of 1st period - Stopped by Mikael Tellqvist with a rebound.
12:23 of 1st period - Slapshot by Frantisek Kaberle.
12:23 of 1st period - Stopped by Mikael Tellqvist with a rebound.
12:25 of 1st period - Snap shot by Ilya Kovalchuk.
12:25 of 1st period - Shot Misses the Net.
12:27 of 1st period - Wrist shot by Ilya Kovalchuk.
12:27 of 1st period - Stopped by Mikael Tellqvist without a rebound.
12:28 of 1st period - Pavel Datsyuk wins face-off versus Tomas Plekanec in Canadiens zone.
12:39 of 1st period - Wrist shot by Pavel Datsyuk.
12:39 of 1st period - Shot Misses the Net.
12:53 of 1st period - Ilya Kovalchuk is hit by Jeff Woywitka.
13:41 of 1st period - Rob Scuderi is hit by Jamie Lundmark and loses puck.
15:03 of 1st period - Jeff Woywitka is hit by Steve Montador and loses puck.
15:28 of 1st period - Backhand shot by Erik Rasmussen.
15:28 of 1st period - Shot Misses the Net.
15:30 of 1st period - Slapshot by Ian White.
15:30 of 1st period - Shot Misses the Net.
15:32 of 1st period - Wrist shot by Eric Nystrom.
15:32 of 1st period - Shot Misses the Net.
15:34 of 1st period - Snap shot by Ian White.
15:34 of 1st period - Deflect By David Moss.
15:34 of 1st period - Shot Blocked by Mike Ribeiro.
15:34 of 1st period - Puck is out of play.
15:35 of 1st period - Pavel Datsyuk wins face-off versus Tomas Plekanec in Canadiens zone.
15:40 of 1st period - Snap shot by Pavel Datsyuk.
15:40 of 1st period - Stopped by Mikael Tellqvist with a rebound.
15:42 of 1st period - Wrist shot by Pavel Datsyuk.
15:42 of 1st period - Deflect By Joe Pavelski.
15:42 of 1st period - Shot Blocked by Patrick Marleau.
15:42 of 1st period - Puck is out of play.
15:43 of 1st period - Tomas Plekanec wins face-off versus Steve Begin in Canadiens zone.
16:06 of 1st period - Wrist shot by Steve Begin.
16:06 of 1st period - Goal by Steve Begin - Canadiens : 0 - Oilers : 2.
16:07 of 1st period - Jonathan Toews wins face-off versus Tomas Plekanec in neutral zone.
16:14 of 1st period - Snap shot by Patrick Marleau.
16:14 of 1st period - Shot Misses the Net.
16:54 of 1st period - Éric Desjardins is hit by Rob Scuderi and loses puck.
17:19 of 1st period - Karel Pilar is hit by Éric Desjardins and loses puck.
18:30 of 1st period - Snap shot by Chris Dingman.
18:30 of 1st period - Shot Misses the Net.
18:34 of 1st period - Wrist shot by Ryan Callahan.
18:34 of 1st period - Stopped by Cam Ward with a rebound.
18:44 of 1st period - Jason Arnott is hit by Mike York and loses puck.
19:05 of 1st period - Wrist shot by Markus Naslund.
19:05 of 1st period - Stopped by Mikael Tellqvist without a rebound.
19:06 of 1st period - Jonathan Toews wins face-off versus Tomas Plekanec in Canadiens zone.
19:19 of 1st period - Wrist shot by Tomas Plekanec.
19:19 of 1st period - Shot Misses the Net.
Goals for this period are 0 for Canadiens vs 2 for Oilers.
Shots for this period are 14 for Canadiens vs 10 for Oilers.
2nd period
0:01 of 2nd period - Joe Pavelski wins face-off versus Tomas Plekanec in neutral zone.
0:09 of 2nd period - Icing by Tomas Plekanec.
0:10 of 2nd period - Pavel Datsyuk wins face-off versus Tomas Plekanec in Canadiens zone.
0:15 of 2nd period - Snap shot by Joe Pavelski.
0:15 of 2nd period - Shot Misses the Net.
0:23 of 2nd period - Snap shot by Patrick Marleau.
0:23 of 2nd period - Shot Blocked by Steve Montador.
1:11 of 2nd period - Slapshot by Marek Svatos.
1:11 of 2nd period - Shot Misses the Net.
1:13 of 2nd period - Wrist shot by Marek Svatos.
1:13 of 2nd period - Shot Misses the Net.
1:33 of 2nd period - Jeff Woywitka is hit by Joe Pavelski and loses puck.
1:48 of 2nd period - Patrick Marleau is hit by Steve Begin and loses puck.
2:16 of 2nd period - Minor Penalty to Patrick Marleau for Tripping.
2:17 of 2nd period - Jamie Lundmark wins face-off versus Brad Boyes in Canadiens zone.
2:31 of 2nd period - Snap shot by Brad Boyes.
2:31 of 2nd period - Shot Misses the Net.
4:16 of 2nd period - Penalty to Patrick Marleau is over, Patrick Marleau is back on ice.
5:40 of 2nd period - Minor Penalty to Éric Desjardins for Holding Stick.
5:41 of 2nd period - Viktor Kozlov wins face-off versus Pavel Datsyuk in Canadiens zone.
6:08 of 2nd period - Ossi Vaananen is hit by Ilya Kovalchuk and loses puck.
7:40 of 2nd period - Penalty to Éric Desjardins is over, Éric Desjardins is back on ice.
7:55 of 2nd period - Snap shot by Eric Nystrom.
7:55 of 2nd period - Goal by Eric Nystrom - Canadiens : 0 - Oilers : 3.
7:56 of 2nd period - Mike Ribeiro wins face-off versus Erik Rasmussen in neutral zone.
8:28 of 2nd period - Wrist shot by Ilya Kovalchuk.
8:28 of 2nd period - Stopped by Mikael Tellqvist without a rebound.
8:29 of 2nd period - Viktor Kozlov wins face-off versus Jonathan Toews in Canadiens zone.
8:29 of 2nd period - Viktor Kozlov is hit by Steve Montador.
8:37 of 2nd period - Slapshot by Éric Desjardins.
8:37 of 2nd period - Deflect By Ilya Kovalchuk.
8:37 of 2nd period - Stopped by Cam Ward with a rebound.
8:41 of 2nd period - Snap shot by Mike York.
8:41 of 2nd period - Shot Misses the Net.
8:43 of 2nd period - Slapshot by Éric Desjardins.
8:43 of 2nd period - Shot Blocked by Ilya Kovalchuk.
8:45 of 2nd period - Slapshot by Radim Vrbata.
8:45 of 2nd period - Stopped by Cam Ward without a rebound.
8:46 of 2nd period - Patrick Marleau wins face-off versus Pavel Datsyuk in Oilers zone.
8:51 of 2nd period - Wrist shot by Patrick Marleau.
8:51 of 2nd period - Shot Misses the Net.
9:01 of 2nd period - Snap shot by Patrick Marleau.
9:01 of 2nd period - Shot Misses the Net.
9:07 of 2nd period - Minor Penalty to Joe Pavelski for High sticking.
9:08 of 2nd period - Mike Ribeiro wins face-off versus Jason Arnott in Oilers zone.
9:37 of 2nd period - Slapshot by Nicklas Lidstrom.
9:37 of 2nd period - Goal by Nicklas Lidstrom - Canadiens : 1 - Oilers : 3.
9:38 of 2nd period - Jonathan Toews wins face-off versus Mike York in neutral zone.
10:06 of 2nd period - Slapshot by Ilya Kovalchuk.
10:06 of 2nd period - Shot Misses the Net.
10:08 of 2nd period - Slapshot by Rob Scuderi.
10:08 of 2nd period - Stopped by Mikael Tellqvist with a rebound.
10:30 of 2nd period - Snap shot by Rob Scuderi.
10:30 of 2nd period - Shot Misses the Net.
10:32 of 2nd period - Slapshot by Duncan Keith.
10:32 of 2nd period - Stopped by Mikael Tellqvist with a rebound.
10:34 of 2nd period - Backhand shot by Ilya Kovalchuk.
10:34 of 2nd period - Stopped by Mikael Tellqvist with a rebound.
11:10 of 2nd period - Snap shot by Ilya Kovalchuk.
11:10 of 2nd period - Shot Hit the Post.
11:12 of 2nd period - Slapshot by Brad Boyes.
11:12 of 2nd period - Stopped by Mikael Tellqvist with a rebound.
11:18 of 2nd period - Snap shot by Ilya Kovalchuk.
11:18 of 2nd period - Stopped by Mikael Tellqvist with a rebound.
11:20 of 2nd period - Snap shot by Rob Scuderi.
11:20 of 2nd period - Stopped by Mikael Tellqvist without a rebound.
11:21 of 2nd period - Tomas Plekanec wins face-off versus Pavel Datsyuk in Canadiens zone.
11:23 of 2nd period - Minor Penalty to Tomas Plekanec for Hooking.
11:24 of 2nd period - Pavel Datsyuk wins face-off versus Jamie Lundmark in Canadiens zone.
11:33 of 2nd period - Off-side.
11:34 of 2nd period - Pavel Datsyuk wins face-off versus Mike Ribeiro in neutral zone.
11:38 of 2nd period - Slapshot by Ian White.
11:38 of 2nd period - Stopped by Mikael Tellqvist without a rebound.
11:39 of 2nd period - Viktor Kozlov wins face-off versus Pavel Datsyuk in Canadiens zone.
12:57 of 2nd period - Mike Ribeiro is hit by Ian White and loses puck.
13:23 of 2nd period - Penalty to Tomas Plekanec is over, Tomas Plekanec is back on ice.
13:32 of 2nd period - Snap shot by Viktor Kozlov.
13:32 of 2nd period - Stopped by Cam Ward without a rebound.
13:33 of 2nd period - Erik Rasmussen wins face-off versus Mike Ribeiro in Oilers zone.
15:07 of 2nd period - Slapshot by Markus Naslund.
15:07 of 2nd period - Stopped by Mikael Tellqvist without a rebound.
15:08 of 2nd period - Tomas Plekanec wins face-off versus Joe Pavelski in Canadiens zone.
15:19 of 2nd period - Joe Pavelski is hit by Patrick Marleau and loses puck.
16:04 of 2nd period - Wrist shot by Michel Ouellet.
16:04 of 2nd period - Shot Misses the Net.
16:28 of 2nd period - Mike York is hit by Markus Naslund.
16:32 of 2nd period - Snap shot by Jason Arnott.
16:32 of 2nd period - Shot Misses the Net.
17:34 of 2nd period - Slapshot by Chris Dingman.
17:34 of 2nd period - Shot Misses the Net.
17:36 of 2nd period - Snap shot by Chris Dingman.
17:36 of 2nd period - Stopped by Cam Ward without a rebound.
17:37 of 2nd period - Pavel Datsyuk wins face-off versus Tomas Plekanec in Oilers zone.
17:53 of 2nd period - Minor Penalty to Tomas Plekanec for Hooking.
17:54 of 2nd period - Pavel Datsyuk wins face-off versus Viktor Kozlov in Canadiens zone.
17:58 of 2nd period - Slapshot by Joe Pavelski.
17:58 of 2nd period - Deflect By Markus Naslund.
17:58 of 2nd period - Shot Misses the Net.
17:58 of 2nd period - Puck is out of play.
17:59 of 2nd period - Pavel Datsyuk wins face-off versus Viktor Kozlov in Canadiens zone.
18:24 of 2nd period - Éric Desjardins is hit by Brad Boyes and loses puck.
19:18 of 2nd period - Duncan Keith is hit by Mike Ribeiro and loses puck.
19:53 of 2nd period - Penalty to Tomas Plekanec is over, Tomas Plekanec is back on ice.
Goals for this period are 1 for Canadiens vs 1 for Oilers.
Shots for this period are 5 for Canadiens vs 10 for Oilers.
3rd period
0:01 of 3rd period - Pavel Datsyuk wins face-off versus Marek Svatos in neutral zone.
0:04 of 3rd period - Marek Svatos is hit by Steve Begin and loses puck.
0:11 of 3rd period - Wrist shot by Pavel Datsyuk.
0:11 of 3rd period - Shot Misses the Net.
0:13 of 3rd period - Wrist shot by Pavel Datsyuk.
0:13 of 3rd period - Goal by Pavel Datsyuk - Canadiens : 1 - Oilers : 4.
0:14 of 3rd period - Pavel Datsyuk wins face-off versus Tomas Plekanec in neutral zone.
0:17 of 3rd period - Patrick Marleau is hit by Steve Begin and loses puck.
1:10 of 3rd period - Nicklas Lidstrom is hit by Rob Scuderi and loses puck.
2:29 of 3rd period - Slapshot by Duncan Keith.
2:29 of 3rd period - Stopped by Mikael Tellqvist with a rebound.
2:31 of 3rd period - Slapshot by Rob Scuderi.
2:31 of 3rd period - Stopped by Mikael Tellqvist with a rebound.
2:33 of 3rd period - Snap shot by Markus Naslund.
2:33 of 3rd period - Shot Misses the Net.
2:35 of 3rd period - Wrist shot by Markus Naslund.
2:35 of 3rd period - Stopped by Mikael Tellqvist without a rebound.
2:36 of 3rd period - Pavel Datsyuk wins face-off versus Tomas Plekanec in Canadiens zone.
3:27 of 3rd period - Slapshot by Patrick Kaleta.
3:27 of 3rd period - Shot Misses the Net.
3:33 of 3rd period - Snap shot by Patrick Kaleta.
3:33 of 3rd period - Shot Blocked by Dennis Wideman.
3:51 of 3rd period - Slapshot by Pavel Datsyuk.
3:51 of 3rd period - Shot Misses the Net.
3:53 of 3rd period - Snap shot by Joe Pavelski.
3:53 of 3rd period - Goal by Joe Pavelski - Canadiens : 1 - Oilers : 5.
3:54 of 3rd period - Tomas Plekanec wins face-off versus Pavel Datsyuk in neutral zone.
4:26 of 3rd period - Slapshot by Ruslan Fedotenko.
4:26 of 3rd period - Shot Hit the Post.
4:28 of 3rd period - Wrist shot by Michel Ouellet.
4:28 of 3rd period - Stopped by Cam Ward with a rebound.
4:30 of 3rd period - Slapshot by Dennis Wideman.
4:30 of 3rd period - Shot Misses the Net.
4:32 of 3rd period - Slapshot by Dennis Wideman.
4:32 of 3rd period - Stopped by Cam Ward without a rebound.
4:33 of 3rd period - Jonathan Toews wins face-off versus Tomas Plekanec in Oilers zone.
4:33 of 3rd period - Jonathan Toews is hit by Patrick Marleau.
4:39 of 3rd period - Tomas Plekanec is hit by Rob Scuderi and loses puck.
4:43 of 3rd period - Icing by Matt Carle.
4:44 of 3rd period - Jonathan Toews wins face-off versus Tomas Plekanec in Canadiens zone.
4:46 of 3rd period - Marek Svatos beats up Ilya Kovalchuk.
4:46 of 3rd period - Penalty to Ilya Kovalchuk for Fighting.
4:46 of 3rd period - Penalty to Marek Svatos for Fighting.
4:47 of 3rd period - Jonathan Toews wins face-off versus Radim Vrbata in Canadiens zone.
4:52 of 3rd period - Snap shot by Jonathan Toews.
4:52 of 3rd period - Stopped by Mikael Tellqvist without a rebound.
4:53 of 3rd period - Jonathan Toews wins face-off versus Tomas Plekanec in Canadiens zone.
5:00 of 3rd period - Snap shot by Brad Boyes.
5:00 of 3rd period - Shot Misses the Net.
5:02 of 3rd period - Wrist shot by Markus Naslund.
5:02 of 3rd period - Deflect By Tomas Plekanec.
5:02 of 3rd period - Stopped by Mikael Tellqvist with a rebound.
5:04 of 3rd period - Slapshot by Steve Montador.
5:04 of 3rd period - Shot Misses the Net.
5:06 of 3rd period - Wrist shot by Markus Naslund.
5:06 of 3rd period - Stopped by Mikael Tellqvist with a rebound.
5:08 of 3rd period - Slapshot by Brad Boyes.
5:08 of 3rd period - Shot Blocked by Nicklas Lidstrom.
6:04 of 3rd period - Brad Boyes is hit by Viktor Kozlov and loses puck.
6:21 of 3rd period - Ossi Vaananen is hit by Joe Pavelski and loses puck.
7:02 of 3rd period - Wrist shot by Erik Rasmussen.
7:02 of 3rd period - Shot Misses the Net.
7:14 of 3rd period - Nicklas Lidstrom is hit by Duncan Keith and loses puck.
7:58 of 3rd period - Slapshot by Jason Arnott.
7:58 of 3rd period - Shot Misses the Net.
8:41 of 3rd period - Minor Penalty to Steve Montador for Interference.
8:42 of 3rd period - Erik Rasmussen wins face-off versus Patrick Marleau in Oilers zone.
8:47 of 3rd period - Icing by Nicklas Lidstrom.
8:48 of 3rd period - Mike Ribeiro wins face-off versus Jason Arnott in Canadiens zone.
8:59 of 3rd period - Slapshot by Dennis Wideman.
8:59 of 3rd period - Deflect By Mike Ribeiro.
8:59 of 3rd period - Shot Misses the Net.
8:59 of 3rd period - Puck is out of play.
9:00 of 3rd period - Mike Ribeiro wins face-off versus Erik Rasmussen in Oilers zone.
9:23 of 3rd period - Minor Penalty to Steve Begin for Holding.
9:24 of 3rd period - Pavel Datsyuk wins face-off versus Mike Ribeiro in Oilers zone.
9:46 of 3rd period - Penalty to Ilya Kovalchuk is over, Ilya Kovalchuk is back on ice.
10:41 of 3rd period - Penalty to Steve Montador is over, Steve Montador is back on ice.
11:23 of 3rd period - Penalty to Steve Begin is over, Steve Begin is back on ice.
11:41 of 3rd period - Jamie Lundmark is hit by Brad Boyes and loses puck.
11:52 of 3rd period - Éric Desjardins is hit by Patrick Kaleta and loses puck.
12:30 of 3rd period - Off-side.
12:31 of 3rd period - Tomas Plekanec wins face-off versus Erik Rasmussen in neutral zone.
13:46 of 3rd period - Steve Montador is hit by Nicklas Lidstrom and loses puck.
13:57 of 3rd period - Marek Svatos is hit by Markus Naslund and loses puck.
14:53 of 3rd period - Minor Penalty to Chris Dingman for Hooking.
14:54 of 3rd period - Viktor Kozlov wins face-off versus Pavel Datsyuk in Canadiens zone.
15:23 of 3rd period - Éric Desjardins is hit by Ilya Kovalchuk and loses puck.
16:53 of 3rd period - Penalty to Chris Dingman is over, Chris Dingman is back on ice.
17:06 of 3rd period - Ian White is hit by Jamie Lundmark and loses puck.
17:20 of 3rd period - Icing by Ian White.
17:21 of 3rd period - Mike Ribeiro wins face-off versus Jason Arnott in Oilers zone.
17:22 of 3rd period - Snap shot by Ruslan Fedotenko.
17:22 of 3rd period - Stopped by Cam Ward with a rebound.
17:24 of 3rd period - Snap shot by Ruslan Fedotenko.
17:24 of 3rd period - Shot Misses the Net.
17:26 of 3rd period - Slapshot by Nicklas Lidstrom.
17:26 of 3rd period - Stopped by Cam Ward with a rebound.
17:28 of 3rd period - Slapshot by Jeff Woywitka.
17:28 of 3rd period - Deflect By Patrick Kaleta.
17:28 of 3rd period - Stopped by Cam Ward without a rebound.
17:29 of 3rd period - Jonathan Toews wins face-off versus Mike Ribeiro in Oilers zone.
17:47 of 3rd period - Minor Penalty to Brad Boyes for Hooking.
17:48 of 3rd period - Patrick Marleau wins face-off versus Erik Rasmussen in Oilers zone.
18:27 of 3rd period - Rob Scuderi is hit by Mike York and loses puck.
19:13 of 3rd period - Ian White is hit by Radim Vrbata.
19:47 of 3rd period - Penalty to Brad Boyes is over, Brad Boyes is back on ice.
19:52 of 3rd period - Slapshot by Chris Dingman.
19:52 of 3rd period - Shot Misses the Net.
19:54 of 3rd period - Slapshot by Ossi Vaananen.
19:54 of 3rd period - Deflect By Ryan Callahan.
19:54 of 3rd period - Stopped by Cam Ward with a rebound.
19:56 of 3rd period - Slapshot by Ossi Vaananen.
19:56 of 3rd period - Deflect By Chris Dingman.
19:56 of 3rd period - Shot Misses the Net.
19:56 of 3rd period - Puck is out of play.
19:57 of 3rd period - Jonathan Toews wins face-off versus Jamie Lundmark in Oilers zone.
19:57 of 3rd period - Jonathan Toews is hit by Chris Dingman.
Goals for this period are 0 for Canadiens vs 2 for Oilers.
Shots for this period are 6 for Canadiens vs 8 for Oilers.
Output by the SimonT Hockey Simulator (STHS) for François Prévost -- Original Page W3C XHTML 1.0 Valid